 Dungeon Crawl Stone Soup version 0.21.0-3-g78d12a8 (webtiles) character file.

116 microfolk the Chopper (level 5, -1/47 HPs)
             Began as a Hill Orc Monk on Jan 12, 2018.
             Slain by an iguana (7 damage)
             ... on level 4 of the Dungeon.
             The game lasted 00:04:55 (2590 turns).

microfolk the Chopper (Hill Orc Monk)               Turns: 2590, Time: 00:04:56

Health: -1/47      AC:  5    Str: 15    XL:     5   Next: 0%
Magic:  5/5        EV: 11    Int: 12    God:
Gold:   138        SH:  0    Dex: 13    Spells: 4/4 levels left

rFire    . . .     SeeInvis .   a - +0 hand axe
rCold    . . .     Gourm    .   (no shield)
rNeg     . . .     Faith    .   m - +0 ring mail
rPois    .         Spirit   .   (no helmet)
rElec    .         Reflect  .   e - scarf {repulsion}
rCorr    .         Harm     .   (no gloves)
MR       .....                  (no boots)
Stlth    +.........             (no amulet)
HPRegen  0.15/turn              d - +2 ring of intelligence
MPRegen  0.09/turn              (no ring)

@: repel missiles
A: no striking features
a: no special abilities


You were on level 4 of the Dungeon.
You were not hungry.

You visited 1 branch of the dungeon, and saw 4 of its levels.

You collected 138 gold pieces.

Inventory:

Hand Weapons
 a - a +0 hand axe (weapon)
 h - a +0 war axe
 k - a +0 hunting sling
Missiles
 g - 25 stones (quivered)
 l - 18 sling bullets
Armour
 b - a +0 robe
 e - a scarf of repulsion (worn)
 m - a +0 ring mail (worn)
Jewellery
 d - a +2 ring of intelligence (left hand)
 p - an uncursed ring of poison resistance {unknown}
 s - an uncursed ring of see invisible {unknown}
Scrolls
 j - a scroll of teleportation {unknown}
 q - a scroll of enchant armour {unknown}
Potions
 f - 2 potions of curing {unknown}
 i - 3 potions of lignification {unknown}
 o - a potion of heal wounds {unknown}
 r - a potion of ambrosia {unknown}
Comestibles
 c - 5 rations


   Skills:
 + Level 4.8 Fighting
 + Level 5.3 Axes
 + Level 2.5 Armour
 - Level 2.4 Dodging
 - Level 1.5 Stealth


You had 4 spell levels left.
You didn't know any spells.

Dungeon Overview and Level Annotations

Branches:
Dungeon (4/15)
 Temple: D:4-7

Altars:
Cheibriados
Hepliaklqana
Vehumet
Xom

Annotations:
D:2 exclusion: downstairs


Message History

* * * LOW HITPOINT WARNING * * *
You barely miss the iguana. The iguana bites you.
* * * LOW HITPOINT WARNING * * *
You hit the iguana.
The iguana is moderately wounded.
The iguana bites you.
* * * LOW HITPOINT WARNING * * *
You hit the iguana.
The iguana is severely wounded.
The iguana closely misses you.
You hit the iguana but do no damage.
The iguana is severely wounded.
The iguana barely misses you.
You hit the iguana.
The iguana is almost dead.
The iguana closely misses you.
You hit the iguana but do no damage.
The iguana is almost dead.
The iguana bites you!
You die...

.. ...... #.......
.... #.......
..... #......
..... #..... #....
#.#.####### #....
#..........
#....##l@........
#................
.#.....%..........
..........<.......
##.....#..........
..................
#+###.............
...............
.......#........


You could see an iguana.

Vanquished Creatures
  A worker ant (D:4)
  A hound skeleton (D:4)
  3 adders
  2 oozes
  A dart slug (D:2)
  A leopard gecko (D:3)
  5 orcs (D:3)
  3 giant cockroaches
  3 goblins
  3 hobgoblins
  A quokka (D:2)
  4 bats
  3 frilled lizards
  5 kobolds (D:2)
  6 rats
42 creatures vanquished.

Notes
Turn   | Place    | Note
-------+----------+-------------------------------------------
     0 | D:1      | microfolk the Hill Orc Monk began the quest for the Orb.
     0 | D:1      | Reached XP level 1. HP: 19/19 MP: 1/1
   276 | D:1      | Reached XP level 2. HP: 27/27 MP: 2/2
   338 | D:1      | Reached skill level 1 in Armour
   867 | D:2      | Found a shimmering altar of Xom.
   868 | D:2      | Found a radiant altar of Vehumet.
  1061 | D:2      | Reached XP level 3. HP: 33/33 MP: 3/3
  1094 | D:2      | Found a hazy altar of Hepliaklqana.
  1855 | D:3      | Reached XP level 4. HP: 32/41 MP: 4/4
  2012 | D:3      | Reached skill level 5 in Axes
  2206 | D:3      | Noticed an ogre
  2376 | D:3      | Found a snail-covered altar of Cheibriados.
  2576 | D:4      | Reached XP level 5. HP: 31/47 MP: 5/5
  2590 | D:4      | Slain by an iguana

Skill      XL: |  1  2  3  4 |
---------------+-------------+-----
Armour         | 1 2 |  2.5
Fighting       | 4 |  4.8
Axes           | 5 |  5.3
Dodging        | |  2.4
Stealth        | |  1.5

Action                   |  1- 3 |  4- 6 || total
-------------------------+-------+-------++-------
Melee: Hand axe          |   123 |    64 ||   187
  Use: Scroll            |     1 |       ||     1
 Stab: Sleeping          |     2 |       ||     2
  Eat: Chunk             |     3 |     2 ||     5
Armor: Robe              |    11 |       ||    11
       Ring mail         |    28 |    53 ||    81
Dodge: Dodged            |    68 |    55 ||   123
